 Dungeon Crawl Stone Soup version 0.27-a0-860-gaf99fae3ca (webtiles) character file.

Game seed: 8506100839254837659

22 mhtbhm the Digger (level 2, 0/16 HPs)
             Began as a Gargoyle Earth Elementalist on Apr 2, 2021.
             Slain by a goblin
             ... wielding a +0 spear
              (4 damage)
             ... on level 2 of the Dungeon.
             The game lasted 00:02:47 (1773 turns).

mhtbhm the Digger (Gargoyle Earth Elementalist)     Turns: 1773, Time: 00:02:47

Health: 0/16       AC:  5    Str: 11    XL:     2   Next: 91%
Magic:  5/5        EV: 12    Int: 15    God:
Gold:   10         SH:  0    Dex: 10    Spells: 4/5 levels left

rFire    . . .     SeeInvis .   f - +0 whip
rCold    . . .     Faith    .   (no shield)
rNeg     + . .     Spirit   .   c - +0 robe
rPois    ∞         Reflect  .   a - +0 helmet
rElec    +         Harm     .   (no cloak)
rCorr    .         Rampage  .   (no gloves)
Will     .....                  (no boots)
Stlth    ++........             (no amulet)
HPRegen  0.05/turn              (no ring)
MPRegen  0.09/turn              (no ring)

@: no status effects
A: AC +2, negative energy resistance 1, electricity resistance, torment
resistance 1, unbreathing 1, petrification resistance
a: no special abilities


You were on level 2 of the Dungeon.
You visited 1 branch of the dungeon, and saw 2 of its levels.

You collected 10 gold pieces.

Inventory:

Hand Weapons
 f - a +0 whip (weapon)
Missiles
 b - 41 stones
 d - 10 poisoned darts (quivered)
Armour
 a - a +0 helmet (worn)
 c - a +0 robe (worn)
Scrolls
 e - a scroll of fog {unknown}


   Skills:
 + Level 0.3 Fighting
 + Level 2.0 Dodging
 - Level 2.1 Stealth
 + Level 2.3 Spellcasting
 + Level 0.7 Transmutations
 + Level 4.0 Earth Magic


You had 4 spell levels left.
You knew the following spells:

 Your Spells              Type           Power      Damage    Failure   Level
a - Sandblast             Erth           26%        2d8       4%          1

Your spell library contained the following spells:

 Spells                   Type           Power      Damage    Failure   Level
 Passwall                 Tmut/Erth      6%         N/A       12%         2
 Stone Arrow              Conj/Erth      14%        3d7       28%         3
 Petrify                  Tmut/Erth      8%         N/A       63%         4
 Lee's Rapid Deconstruct  Erth           6%         3d7*      75%         5


Dungeon Overview and Level Annotations

Branches:
Dungeon (2/15)

Altars:


Innate Abilities, Weirdness & Mutations

Your stone body is resilient. (AC +2)
You are immune to poison.
You resist negative energy. (rN+)
You are resistant to electric shocks. (rElec)
You are resistant to unholy torment.
You can survive without breathing.
You are immune to petrification.


Message History

The bat hits you but does no damage. The endoplasm closely misses you.
The goblin barely misses you.
You hit the endoplasm.
The endoplasm is severely wounded.
The bat hits you but does no damage. The endoplasm hits you.
The bat hits you but does no damage. The goblin hits you but does no damage.
Sorry, you're not good enough to have a special ability.
Drop what? 6/52 slots (_ for help) (? for menu, Esc to quit)
Okay, then.
Casting: Sandblast (safe; 4% risk of failure)
Confirm with . or Enter, or press ? or * to list all spells.
Okay, then.
Aiming: Sandblast (safe; 4% risk of failure)
Press: ? - help, Q - select action, (/) - cycle Shift-Dir - straight line, f - endoplasm
Aim: an endoplasm (severely wounded, 2% to evade)
Okay, then.
Throw: 11 darts (poison)
Press: ? - help, Q - select action, (/) - cycle Shift-Dir - straight line, f - endoplasm
Aim: an endoplasm (severely wounded, 84% to hit)
You throw a poisoned dart. The poisoned dart hits the endoplasm.
The endoplasm is severely wounded.
The bat hits you but does no damage. The endoplasm freezes you.
You are frozen.
The goblin closely misses you.
You hit the endoplasm.
You kill the endoplasm!
The bat hits you.
* * * LOW HITPOINT WARNING * * *
The goblin hits you but does no damage.
Unknown command.
You barely miss the bat.
The bat is moderately wounded.
The bat hits you but does no damage. x2; The goblin misses you.
The bat hits you but does no damage. The bat barely misses you.
The bat barely misses you. The goblin closely misses you.
There is a stone staircase leading up here.
The bat barely misses you.
The goblin hits you from afar with a +0 spear.
You die...

######. ..
#.....$###
####.#
#.(.####....#
#.#......#
Sg##Sg....#
.... #......#
##.. ##...g..#
#.#"#........#
...#
##.#....@# ..
...#...b.#
#####.....#
.)......#
#########


You could see a hobgoblin, a goblin, a bat and a ball python.

Vanquished Creatures
  A dart slug (D:1)
  2 endoplasms
  A giant cockroach (D:1)
  3 goblins (D:1)
  2 hobgoblins
  A quokka (D:1)
  3 ball pythons (D:1)
  A bat (D:1)
  2 frilled lizards (D:1)
  A kobold (D:1)
  3 rats (D:1)
20 creatures vanquished.

Notes
Turn   | Place    | Note
-------+----------+-------------------------------------------
     0 | D:1      | mhtbhm the Gargoyle Earth Elementalist began the quest for
                  | the Orb.
     0 | D:1      | Reached XP level 1. HP: 10/10 MP: 3/3
   627 | D:1      | Reached XP level 2. HP: 15/15 MP: 5/5
   982 | D:1      | Reached skill level 4 in Earth Magic
  1773 | D:2      | Slain by a goblin

Illustrated notes

Levels and vault maps discovered:
D:1:      amcnicky_arrival_blooded_trapdoor, layout_loops_ring,
          minmay_door_square
D:2:      layout_rooms, basic_ecumenical_altar, minmay_hexomino_f4

Skill      XL: |  1  2 |
---------------+-------+-----
Dodging        | 2 |  2.0
Earth Magic    | 4 |  4.0
Fighting       | |  0.3
Stealth        | |  2.1
Spellcasting   | |  2.3
Transmutations | |  0.7

Action                   || total
-------------------------++-------
Melee: Unarmed           ||    90
       Whip              ||    13
Throw: Dart              ||     1
 Cast: Sandblast         ||     2
  Use: Potion            ||     1
 Stab: Sleeping          ||     1
Armor: Robe              ||    48
Dodge: Dodged            ||    85

Table legend: (Time is in decaauts)
 A = Elapsed time spent in this place.
 B = Non-inter-level travel time spent in this place.
 C = Inter-level travel time spent in this place.
 D = Time resting spent in this place.
 E = Time spent auto-exploring this place.
 F = Levels seen in this place.
 G = Mean time per level.
                   A        B        C        D        E       F      G
               +--------+--------+--------+--------+--------+-----+--------+
         Total |   1774 |   1728 |     46 |    573 |    856 |   2 |  887.0 |
       Dungeon |   1774 |   1728 |     46 |    573 |    856 |   2 |  887.0 |
               +--------+--------+--------+--------+--------+-----+--------+

Top non-repeatable levels by time:
     D:1: 1741 daAuts
     D:2: 33 daAuts
